 Dungeon Sprint DCSS version 0.29-a0-337-g68df138881 (webtiles) character file.

Game seed: 12191354058460600030

813 mhtbhm the Slicer (level 8, -2/59 HPs)
             Began as a Kobold Berserker on Apr 16, 2022.
             Was a High Priest of Trog.
             Slain by an unseen horror (7 damage)
             ... in the Dungeon (Sprint IX: "|||||||||||||||||||||||||||||").
             The game lasted 00:00:39 (168 turns).

mhtbhm the Slicer (Kobold Berserker)                 Turns: 168, Time: 00:00:40

Health: -2/59      AC:  6    Str: 20    XL:     8   Next: 15%
Magic:  8/8        EV: 17    Int:  8    God:    Trog [*****.]
Gold:   0          SH:  0    Dex: 14    Spells: 7/7 levels left

rFire   . . .      SeeInvis .   a - +0 short sword
rCold   . . .      Faith    .   (no shield)
rNeg    . . .      Spirit   .   b - +0 animal skin
rPois   .          Reflect  .   (no helmet)
rElec   .          Harm     .   k - +0 cloak
rCorr   .          Rampage  .   l - +0 pair of gloves
Will    .....      NoTele   +   (no boots)
Stlth   +++++.....              (no amulet)
HPRegen 0.19/turn               m - +3 ring of strength
MPRegen 0.11/turn               n - +2 ring of protection

@: on berserk cooldown, slowed, very slow
A: small, no large weapons, nightstalker 3
a: Renounce Religion, Berserk, Trog's Hand, Brothers in Arms


You were in the Dungeon.
You worshipped Trog.
Trog was extremely pleased with you.
You visited 1 branch

Inventory:

Hand Weapons
 a - a +0 short sword (weapon)
Armour
 b - a +0 animal skin (worn)
 k - a +0 cloak (worn)
 l - a +0 pair of gloves (worn)
Jewellery
 m - a +3 ring of strength (left hand)
 n - a +2 ring of protection (right hand)
Wands
 j - a wand of acid (10)
Scrolls
 h - 2 scrolls of blinking
Potions
 c - 5 potions of curing
 d - 2 potions of heal wounds
 e - a potion of haste
 f - 4 potions of magic
 g - a potion of berserk rage
 i - a potion of invisibility


   Skills:
 + Level 10.6 Fighting
 + Level 13.6 Short Blades
 + Level 4.4 Armour
 + Level 6.2 Dodging
 + Level 9.9 Stealth


You had 7 spell levels left.
You didn't know any spells.
Your spell library was empty.

Dungeon Overview and Level Annotations

Branches:
Dungeon (1/1)

Altars:
Cheibriados
Dithmenos
Elyvilon
Fedhas
Gozag
Hepliaklqana
Kikubaaqudgha
Makhleb
Nemelex Xobeh
Okawaru
Qazlal
Ru
Sif Muna
Trog
Uskayaw
Vehumet
Wu Jian
Xom
Yredelemnul
Zin
The Shining One
Beogh
Jiyva
Lugonu


Innate Abilities, Weirdness & Mutations

You are small and have problems with some larger weapons.
You are completely attuned to the shadows.


Message History

The shadow is heavily damaged.
The shadow hits you!
You hit the shadow.
The shadow is severely damaged.
You closely miss the shadow.
The shadow is severely damaged.
You hit the shadow.
The shadow is almost destroyed.
The shadow slips into darkness.
The shadow flickers and vanishes!
Deactivating autopickup; reactivate with Ctrl-A.
You miss something. You hit something. Trog accepts your kill.
Trog will now gift you melee weapons as you gain piety.
Reactivating autopickup.
You feel a bit more experienced.
Your Short Blades skill increases to level 13!
You have reached level 8!
Deactivating autopickup; reactivate with Ctrl-A.
You completely miss something.
You are no longer berserk.
You are exhausted.
You feel yourself slow down. Something hits you but does no damage.
You hit something but do no damage. Something hits you!
* * * LOW HITPOINT WARNING * * *
Something hits you but does no damage. Something hits you.
* * * LOW HITPOINT WARNING * * *
Unknown command.
You feel much better. Something hits you but does no damage.
Something barely misses you. Something hits you.
You barely miss something.
Something hits you but does no damage. x2
You hit something but do no damage. Something barely misses you.
Something hits you but does no damage. x2
You miss something. Something hits you!
* * * LOW HITPOINT WARNING * * *
Something hits you.
* * * LOW HITPOINT WARNING * * *
You hit something. Something hits you!
You die...

▓[▓
▓.▓
▓.▓
▓'▓
▓)▓
▓†▓
▓†▓
▓.▓
▓@▓
▓.▓
▓+▓


There were no monsters in sight!

Vanquished Creatures
  A shadow (D)
  A wyvern (D)
  A vampire (D)
  An orc warrior (D)
  An ice beast (D)
  A scorpion (D)
  A howler monkey (D)
  An orc priest (D)
  An iguana (D)
  An adder (D)
  A bat (D)
  A goblin (D)
  2 hobgoblins (D)
  A kobold (D)
15 creatures vanquished.

Notes
Turn   | Place    | Note
-------+----------+-------------------------------------------
     0 | D        | mhtbhm the Kobold Berserker began the quest for the Orb.
     0 | D        | Reached XP level 1. HP: 14/14 MP: 1/1
     9 | D        | Reached ** piety under Trog
    10 | D        | Reached skill level 1 in Stealth
    14 | D        | Reached skill level 5 in Short Blades
    14 | D        | Reached XP level 2. HP: 19/20 MP: 2/2
    25 | D        | Noticed an ice beast
    30 | D        | Reached skill level 6 in Short Blades
    30 | D        | Reached XP level 3. HP: 25/25 MP: 3/3
    30 | D        | Noticed a scorpion
    35 | D        | Killed an ice beast
    35 | D        | Reached *** piety under Trog
    36 | D        | Reached skill level 8 in Short Blades
    36 | D        | Reached skill level 5 in Stealth
    36 | D        | Reached XP level 4. HP: 32/32 MP: 4/4
    36 | D        | Reached XP level 5. HP: 37/37 MP: 5/5
    44 | D        | Reached skill level 9 in Short Blades
    50 | D        | Reached skill level 10 in Short Blades
    50 | D        | Reached XP level 6. HP: 44/44 MP: 6/6
    54 | D        | Found a snail-covered altar of Cheibriados.
    54 | D        | Found a shadowy altar of Dithmenos.
    55 | D        | Found a white marble altar of Elyvilon.
    56 | D        | Found a blossoming altar of Fedhas.
    57 | D        | Found an opulent altar of Gozag.
    58 | D        | Found a hazy altar of Hepliaklqana.
    59 | D        | Found a viscous altar of Jiyva.
    60 | D        | Found an ancient bone altar of Kikubaaqudgha.
    61 | D        | Found a corrupted altar of Lugonu.
    62 | D        | Found a burning altar of Makhleb.
    63 | D        | Found a sparkling altar of Nemelex Xobeh.
    64 | D        | Found an iron altar of Okawaru.
    65 | D        | Found a stormy altar of Qazlal.
    66 | D        | Found a sacrificial altar of Ru.
    67 | D        | Found a shimmering blue altar of Sif Muna.
    68 | D        | Found a bloodstained altar of Trog.
    69 | D        | Found a hide-covered altar of Uskayaw.
    70 | D        | Found a radiant altar of Vehumet.
    71 | D        | Found an ornate altar of the Wu Jian Council.
    72 | D        | Found a shimmering altar of Xom.
    73 | D        | Found a basalt altar of Yredelemnul.
    74 | D        | Found a glowing silver altar of Zin.
    75 | D        | Found a glowing golden altar of the Shining One.
   126 | D        | Noticed an orc warrior
   126 | D        | Noticed a wyvern
   126 | D        | Noticed a vampire
   128 | D        | Killed an orc warrior
   128 | D        | Reached **** piety under Trog
   129 | D        | Reached skill level 11 in Short Blades
   129 | D        | Reached skill level 5 in Dodging
   129 | D        | Noticed a shadow
   130 | D        | Killed a wyvern
   131 | D        | Reached skill level 12 in Short Blades
   131 | D        | Reached XP level 7. HP: 51/51 MP: 7/7
   139 | D        | Killed a vampire
   145 | D        | Reached skill level 10 in Fighting
   159 | D        | Killed a shadow
   159 | D        | Reached ***** piety under Trog
   160 | D        | Reached skill level 13 in Short Blades
   160 | D        | Reached XP level 8. HP: 34/59 MP: 8/8
   168 | D        | Slain by an unseen horror

Illustrated notes

Levels and vault maps discovered:
D:        linesprint [early_d, line_temple, items_1, d_10, items_2, lair_1,
          lair_end, items_3, orc_1, orc_end, items_4, d_15, swamp_1, shoals_1,
          snake_1, spider_1, d_20, vaults_1, items_5, swamp_end, shoals_end,
          snake_end, spider_end, vaults_end, d_27, items_6, zot_1, zot_end,
          crypt_end, forest_end, elf_end, slime_end, tomb_end, abyss_end,
          pan_hell_end]

Skill      XL: |  1  2  3  4  5  6  7 |
---------------+----------------------+-----
Stealth        | 1 2 5 6 8 9 |  9.9
Fighting       | 4 6 7 9 10 | 10.6
Short Blades   | 5 6 8 10 12 13 | 13.6
Armour         | 2 3 4 |  4.4
Dodging        | 3 4 5 6 |  6.2

Action                   |  1- 3 |  4- 6 |  7- 9 || total
-------------------------+-------+-------+-------++-------
Melee: Short sword       |    14 |    16 |    32 ||    62
Invok: Berserk           |     1 |       |     1 ||     2
  Use: Potion            |       |       |     1 ||     1
 Stab: Sleeping          |     4 |     2 |       ||     6
Armor: Animal skin       |     2 |     1 |     9 ||    12
Dodge: Dodged            |     6 |     3 |     5 ||    14

Table legend: (Time is in decaauts)
 A = Elapsed time spent in this place.
 B = Non-inter-level travel time spent in this place.
 C = Inter-level travel time spent in this place.
 D = Time resting spent in this place.
 E = Time spent auto-exploring this place.
 F = Levels seen in this place.
 G = Mean time per level.
                   A        B        C        D        E       F      G
               +--------+--------+--------+--------+--------+-----+--------+
         Total |    150 |    150 |      0 |     19 |      3 |   1 |  150.0 |
       Dungeon |    150 |    150 |      0 |     19 |      3 |   1 |  150.0 |
               +--------+--------+--------+--------+--------+-----+--------+

Top non-repeatable levels by time:
       D: 150 daAuts
